 Dungeon Crawl Stone Soup version 0.16.1-17-g773cdaf (webtiles) character file.

982 jacksonaction the Transmogrifier (level 8, -2/48 HPs)
             Began as an Octopode Transmuter on Apr 23, 2015.
             Was a Follower of Cheibriados.
             Splashed by a jelly's acid (13 damage)
             ... on level 5 of the Dungeon.
             The game lasted 00:31:44 (6425 turns).

jacksonaction the Transmogrifier (OpTm)             Turns: 6425, Time: 00:31:44

Health: -2/48      AC:  1    Str: 12    XL:     8   Next: 17%
Magic:  11/13      EV: 12    Int: 19    God:    Cheibriados [*.....]
Gold:   239        SH:  0    Dex: 14    Spells: 3 memorised, 2 levels left

rFire  x . .     SeeInvis +     a - +3 glaive (flame)
rCold  + . .     Clarity  .     (no shield)
rNeg   . . .     SustAb   .     (helmet restricted)
rPois  .         Gourm    +     k - amulet of the gourmand
rElec  .         Spirit   .     e - ring of see invisible
rCorr  .         Warding  .     v - ring of ice
rMut   .         Stasis   .     (no ring)
MR     .....                    (no ring)
Stlth  ++........               (no ring)
                                (no ring)
                                (no ring)
                                (no ring)

@: very slightly contaminated, invisible (expiring), very slow, not resistant to
hostile enchantments, unstealthy
A: almost no armour, amphibious, 8 rings, constrict 8, camouflage 1, gelatinous
body 1
a: Bend Time, Renounce Religion


You were on level 5 of the Dungeon.
You worshipped Cheibriados.
Cheibriados was aware of your devotion.
You were very full.

You visited 2 branches of the dungeon, and saw 7 of its levels.

You collected 239 gold pieces.

Inventory:

Hand weapons
 a - a +3 glaive of flaming (weapon)
 b - a +0 blowgun
Missiles
 s - 28 poisoned needles
 t - 7 tomahawks (quivered)
 u - 83 stones
 w - a throwing net
Jewellery
 e - a ring of see invisible (left tentacle)
 k - an amulet of the gourmand (around mantle)
 v - a ring of ice (right tentacle)
Scrolls
 f - 2 scrolls of magic mapping {unknown}
 g - a scroll of recharging {unknown}
 h - 2 scrolls of remove curse
 i - 2 scrolls of fear {unknown}
 l - a scroll of noise {unknown}
 m - 2 scrolls of identify
 o - 3 scrolls of enchant armour {unknown}
 y - 2 scrolls of teleportation {unknown}
 B - a scroll of blinking {unknown}
Potions
 c - a potion of curing
 j - a potion of ambrosia {unknown}
 n - 2 potions of poison {unknown}
 q - 2 potions of invisibility
 r - 2 potions of magic
 z - 2 potions of heal wounds
 C - a potion of agility {unknown}
 D - a potion of might {unknown}
Books
 d - a book of Changes

   Spells                             Type                      Level
   a - Beastly Appendage              Transmutation                1
   b - Sticks to Snakes               Transmutation                2
   c - Spider Form                    Transmutation/Poison         3
   d - Ice Form                       Ice/Transmutation            4
   e - Blade Hands                    Transmutation                5
 p - a book of the Tempests

   Spells                             Type                      Level
   a - Static Discharge               Conjuration/Air              3
   b - Lightning Bolt                 Conjuration/Air              5
   c - Fireball                       Conjuration/Fire             5
   d - Tornado                        Air                          9
   e - Shatter                        Earth                        9
Comestibles
 x - 2 chunks of flesh
 A - a royal jelly
 E - a meat ration
 F - 6 bread rations


   Skills:
 - Level 1.0 Fighting
 - Level 2.0 Dodging
 - Level 3.0 Unarmed Combat
 - Level 2.0 Spellcasting
 * Level 8.8 Transmutations
 + Level 3.2 Invocations


You had 2 spell levels left.
You knew the following spells:

 Your Spells              Type           Power        Failure   Level  Hunger
a - Beastly Appendage     Trmt           #####.       1%          1    #......
b - Spider Form           Trmt/Pois      ###.......   12%         3    ###....
c - Blade Hands           Trmt           #####.....   14%         5    ######.


Dungeon Overview and Level Annotations

Branches:
Dungeon (6/15)             Temple (1/1) D:5

Altars:
Ashenzari
Cheibriados
Kikubaaqudgha
Nemelex Xobeh
Ru
Sif Muna
Trog
Xom
Yredelemnul
Zin

Shops:
D:4 (

Annotations:
D:4 Archous' ghost, average GrEE


Innate Abilities, Weirdness & Mutations

You cannot wear most types of armour.
You are amphibious.
You can wear up to eight rings at the same time.
You can use your tentacles to constrict many enemies at once.
Your skin changes colour to match your surroundings (Stealth).
Your rubbery body absorbs attacks (AC +1).


Message History

You fade into invisibility!
You are very lightly contaminated with residual magic.
You hear a slurping noise.
You hear a slurping noise.
The jelly misses you. The jelly barely misses you.
Things that are here:
a falchion; a leather armour; the human corpse of Eustachio
There is a stone staircase leading up, spattered with blood here.
You flicker for a moment.
You hear a slurping noise.
The jelly hits you.
You are splashed with acid!
The acid burns!
* * * LOW HITPOINT WARNING * * *
The orc priest invokes the aid of Beogh against the jelly.
The jelly convulses in agony!
You climb upwards.
There is a stone staircase leading down here.
The jelly hits you.
* * * LOW HITPOINT WARNING * * *
You are splashed with acid!
The acid burns!
You die...

####### #.....# ############
#.###.# #..........##### #.# #.#
######..#######....[. #.# #.#
#...@...........#####
#.###.###..J#.............###
#.##.......)....#.#.#.#.#...#
#....#...................)...
####............#.......#....
##.##.....................
#####.##....##..#...>...#.#.#
#..................)......#.#
#####.###...........#..))...#.#.#


You could see a jelly.

Vanquished Creatures
  Eustachio (D:6)
  A black bear (D:5)
  An ogre (D:4)
  A phantom (D:6)
  Blork the orc (D:5)
  2 crimson imps
  An orc priest (D:3)
  A hound (D:6)
  2 orc wizards (D:3)
  2 worker ants (D:4)
  Natasha (thrice) (D:5)
  An iguana (D:5)
  Terence (D:3)
  A worker ant zombie (D:4)
  5 adders
  3 giant mites
  2 worms (D:3)
  An adder zombie (D:5)
  5 giant geckos
  An ooze (D:2)
  18 orcs
  A ball python (D:3)
  7 bats
  7 goblins
  9 hobgoblins
  7 jackals
  4 quokkas
  6 giant cockroaches
  6 giant newts
  13 kobolds
  8 rats
122 creatures vanquished.

Vanquished Creatures (others)
  A human (D:2)
1 creature vanquished.

Grand Total: 123 creatures vanquished

Notes
Turn   | Place    | Note
--------------------------------------------------------------
     0 | D:1      | jacksonaction, the Octopode Transmuter, began the quest for the Orb.
     0 | D:1      | Reached XP level 1. HP: 13/13 MP: 3/3
   208 | D:1      | Reached XP level 2. HP: 11/18 MP: 4/4
   812 | D:2      | Reached XP level 3. HP: 17/23 MP: 6/6
   817 | D:2      | Learned a level 3 spell: Spider Form
  1364 | D:2      | Reached skill level 4 in Transmutations
  1613 | D:2      | Found a shattered altar of Ashenzari.
  1613 | D:2      | Found a shimmering altar of Xom.
  1772 | D:2      | Reached XP level 4. HP: 7/28 MP: 7/7
  1950 | D:2      | Found an ancient bone altar of Kikubaaqudgha.
  1950 | D:2      | Noticed a human
  1953 | D:2      | Killed a human
  3356 | D:3      | Reached skill level 5 in Transmutations
  3361 | D:3      | Reached XP level 5. HP: 33/33 MP: 6/9
  3602 | D:3      | Reached skill level 6 in Transmutations
  3602 | D:3      | Reached XP level 6. HP: 21/38 MP: 6/10
  3634 | D:3      | Learned a level 5 spell: Blade Hands
  4019 | D:3      | Noticed Terence
  4029 | D:3      | Killed Terence
  4481 | D:4      | Reached skill level 7 in Transmutations
  4692 | D:4      | Found Veameh's Weapon Boutique.
  4721 | D:4      | Noticed Archous' ghost (average GrEE)
  4760 | D:4      | Reached XP level 7. HP: 43/43 MP: 8/12
  5124 | D:5      | Entered Level 5 of the Dungeon
  5172 | D:5      | Found a staircase to the Ecumenical Temple.
  5250 | Temple   | Entered the Ecumenical Temple
  5267 | Temple   | Became a worshipper of Cheibriados the Contemplative
  5508 | D:5      | Noticed Natasha
  5512 | D:5      | Killed Natasha
  5693 | D:5      | Reached skill level 1 in Invocations
  5845 | D:5      | Noticed Natasha
  5849 | D:5      | Killed Natasha
  5851 | D:5      | Reached skill level 8 in Transmutations
  6122 | D:5      | Noticed Natasha
  6125 | D:5      | Killed Natasha
  6147 | D:5      | Noticed Blork the orc
  6156 | D:5      | Killed Blork the orc
  6392 | D:6      | Acquired Cheibriados' first power
  6393 | D:6      | Noticed Eustachio
  6405 | D:6      | Killed Eustachio
  6405 | D:6      | Reached XP level 8. HP: 37/48 MP: 8/13
  6425 | D:5      | Splashed by a jelly's acid

Action                   |  1- 3 |  4- 6 |  7- 9 || total
-------------------------+-------+-------+-------++-------
Melee: Whip              |    78 |    42 |       ||   120
       Unarmed           |     4 |   131 |    61 ||   196
       Glaive            |       |       |    15 ||    15
 Fire: Blowgun           |       |    21 |     6 ||    27
Throw: Stone             |       |     7 |       ||     7
       Tomahawk          |       |     5 |    23 ||    28
 Cast: Spider Form       |       |     7 |     4 ||    11
       Blade Hands       |       |       |     2 ||     2
  Use: Potion            |       |     2 |     2 ||     4
       Scroll            |       |     1 |     3 ||     4
 Stab: Sleeping          |     5 |     7 |     1 ||    13
       Distracted        |       |       |     1 ||     1
  Eat: Chunk             |     2 |    20 |     6 ||    28
